 Dungeon Crawl Stone Soup version 0.23-a0-449-g8e4cbf7 (webtiles) character file.

94476 theanonym the Warrior (level 15, -4/228 HPs)
             Began as a Minotaur Monk on Nov 22, 2018.
             Was a High Priest of Ru.
             Slain by an alligator (10 damage)
             ... called by a spriggan druid
             ... on level 2 of the Lair of Beasts.
             The game lasted 00:56:00 (27686 turns).

theanonym the Warrior (Minotaur Monk)              Turns: 27686, Time: 00:56:00

Health: -4/228     AC: 32    Str: 18    XL:     15   Next: 63%
Magic:  14/14      EV:  2    Int: 11    God:    Ru [*****.]
Gold:   2100       SH:  0    Dex: 13    Spells: 12/14 levels left

rFire    . . .     SeeInvis .   a - +2 great sword (flame)
rCold    . . .     Gourm    .   (shield currently unavailable)
rNeg     + + +     Faith    +   (armour currently unavailable)
rPois    +         Spirit   .   (helmet currently unavailable)
rElec    .         Reflect  .   (cloak currently unavailable)
rCorr    .         Harm     .   (gloves currently unavailable)
MR       .....     NoTele   +   (boots currently unavailable)
Stlth    ..........             H - amulet of faith
HPRegen  0.48/turn              k - +4 ring of evasion
MPRegen  0.14/turn              s - +5 ring of protection

@: lethally poisoned (-4 -> -8), exhausted, tree-form, no scrolls, very slightly
contaminated, hasted, studying Shields, drained, invisible, very quick
A: (retaliatory headbutt), inability to read while threatened, no stealth, hated
by all, magic vulnerability 1, disrupted magic 2
a: Draw Out Power, Power Leap, Apocalypse, Renounce Religion


Innate Abilities, Weirdness & Mutations

((You reflexively headbutt those who attack you in melee.))
((You have a pair of horns on your head.))
You cannot read scrolls while threatened.
You cannot be stealthy.
You are hated by all.
You are slightly vulnerable to magic. (MR-)
Your casting is disrupted.


   Skills:
 - Level 19.3(17.8) Fighting
 + Level 17.3(15.8) Long Blades
 - Level 15.4(14.0) Armour
 - Level 11.7(10.4) Dodging


You had 12 spell levels left.
You knew the following spells:

 Your Spells              Type           Power        Failure   Level  Hunger
l - Blink                 Tloc           N/A          65%         2    ###....

Your spell library contained the following spells:

 Spells                   Type           Power        Failure   Level  Hunger
 Magic Dart               Conj           #...         52%         1    ##.....
 Poisonous Vapours        Pois/Air       #.....       65%         2    ###....
 Slow                     Hex            #.......     65%         2    ###....
 Conjure Flame            Conj/Fire      #.......     85%         3    ####...
 Ignite Poison            Fire/Tmut/Pois #.......     85%         3    ####...
 Mephitic Cloud           Conj/Pois/Air  #.......     85%         3    ####...
 Cause Fear               Hex            #.........   99%         4    #####..
 Ice Form                 Ice/Tmut       #.......     99%         4    #####..
 Fireball                 Conj/Fire      #.........   100%        5    ######.
 Metabolic Englaciation   Hex/Ice        #.........   100%        5    ######.
 Silence                  Hex/Air        #.........   100%        5    ######.
 Yara's Violent Unravell  Hex/Tmut       #.........   100%        5    ######.
 Bolt of Cold             Conj/Ice       #.........   100%        6    #######
 Bolt of Fire             Conj/Fire      #.........   100%        6    #######
 Deflect Missiles         Chrm/Air       #.........   100%        6    #######
 Freezing Cloud           Conj/Ice/Air   #.........   100%        6    #######
 Ozocubu's Refrigeration  Ice            #.........   100%        6    #######
 Ring of Flames           Chrm/Fire      #.........   100%        7    #######
 Discord                  Hex            #.........   100%        8    #######
 Ignition                 Fire           #.........   100%        8    #######
 Summon Butterflies       Summ           Unusable     N/A         1    N/A
 Call Imp                 Summ           Unusable     N/A         2    N/A
 Call Canine Familiar     Summ           Unusable     N/A         3    N/A
 Summon Ice Beast         Ice/Summ       Unusable     N/A         4    N/A
 Summon Mana Viper        Hex/Summ       Unusable     N/A         5    N/A
 Simulacrum               Ice/Necr       Unusable     N/A         6    N/A
 Summon Hydra             Summ           Unusable     N/A         7    N/A

Skill      XL: |  1  2  3  4  5  6  7  8  9 10 11 12 13 14 15 |
---------------+----------------------------------------------+-----
Long Blades    | 4 5 6 7 8 9 11 13 15 16 17 | 17.3
Fighting       | 4 5 6 7 8 10 12 13 15 16 18 19 | 19.3
Stealth        | 0 |  0.0
Armour         | 5 11 14 15 | 15.4
Dodging        | 5 10 11 | 11.7

Action                   |  1- 3 |  4- 6 |  7- 9 | 10-12 | 13-15 || total
-------------------------+-------+-------+-------+-------+-------++-------
Melee: Falchion          |    60 |   207 |   295 |   238 |       ||   800
       Headbutt          |    11 |    38 |    77 |   211 |   329 ||   666
       Long sword        |       |       |       |   469 |       ||   469
       Scimitar          |       |       |       |   101 |  1258 ||  1359
       Great sword       |       |       |       |       |   123 ||   123
Throw: Throwing net      |       |       |       |       |     2 ||     2
Invok: Sacrifice Words   |     1 |       |       |       |       ||     1
       Sacrifice Stealth |       |     1 |       |       |       ||     1
       Sacrifice Essence |       |       |     1 |       |     2 ||     3
       Reject Sacrifices |       |       |       |     1 |     1 ||     2
       Sacrifice Love    |       |       |       |       |     1 ||     1
       Draw Out Power    |       |       |       |       |     2 ||     2
       Power Leap        |       |       |       |       |     2 ||     2
       Apocalypse        |       |       |       |       |     1 ||     1
Evoke: Wand              |       |     1 |     6 |    24 |     1 ||    32
  Use: Scroll            |       |     5 |    17 |     8 |     9 ||    39
       Potion            |       |       |       |     5 |    15 ||    20
 Stab: Sleeping          |     1 |     1 |       |       |       ||     2
       Paralysed         |     1 |       |     3 |    15 |     1 ||    20
       Invisible         |       |       |     1 |     6 |    15 ||    22
       Distracted        |       |       |       |     2 |     2 ||     4
       Held in net/web   |       |       |       |       |     2 ||     2
  Eat: Chunk             |       |     7 |    11 |    18 |    30 ||    66
       Ration            |       |       |       |     2 |     8 ||    10
Armor: Robe              |     4 |       |       |       |       ||     4
       Leather armour    |     2 |       |       |       |       ||     2
       Ring mail         |    13 |    12 |       |       |       ||    25
       Chain mail        |       |   104 |   124 |   136 |       ||   364
       Plate armour      |       |       |       |   251 |   707 ||   958
       Skin              |       |       |       |    51 |       ||    51
Dodge: Dodged            |    35 |   164 |   184 |   383 |   846 ||  1612
       Rpst.: Falchion   |     7 |    38 |    40 |    35 |       ||   120
       Long sword        |       |       |       |    57 |       ||    57
       Scimitar          |       |       |       |    16 |   160 ||   176
       Great sword       |       |       |       |       |    35 ||    35

Inventory:

Hand Weapons
 a - a +2 great sword of flaming (weapon)
   (You took it off a fire giant on level 15 of the Dungeon)
Armour
 o - a +0 cloak (melded)
   (You found it on level 2 of the Dungeon)
 v - a +0 pair of gloves of archery (melded)
   (You found it in a treasure trove)
 F - a +1 hat of magic resistance (melded)
   (You found it in a treasure trove)
 K - a +0 plate armour (melded)
   (You took it off an orc warrior on level 10 of the Dungeon)
 R - a +1 pair of boots of stealth (melded)
   (You found it in a treasure trove)
Jewellery
 k - a +4 ring of evasion (left branch)
   (You found it on level 3 of the Dungeon)
 s - a +5 ring of protection (right branch)
   (You took it off a skeletal warrior on level 12 of the Dungeon)
 C - an uncursed ring of protection from magic
   (You took it off a kobold on level 13 of the Dungeon)
 H - an amulet of faith (around neck)
   (You found it on level 4 of the Lair of Beasts)
 I - an uncursed ring of resist corrosion
   (You found it on level 14 of the Dungeon)
 P - the ring "Cairaxy" {rF+ Int+7}
   (You found it in a treasure trove)

   [ring of protection from fire]

   It affects your intelligence (+7).
   It protects you from fire.
 X - the ring of Foolhardiness {rC++ MP+9}
   (You found it in a treasure trove)

   [ring of magical power]

   It greatly protects you from cold.
   It affects your magic capacity (+9).
Wands
 d - a wand of digging (1)
   (You found it on level 2 of the Lair of Beasts)
 g - a wand of iceblast (1)
   (You found it on level 7 of the Dungeon)
 z - a wand of paralysis (8)
   (You found it on level 6 of the Dungeon)
 D - a wand of disintegration (11)
   (You found it on level 7 of the Dungeon)
 N - a wand of flame (16)
   (You found it on level 4 of the Lair of Beasts)
Scrolls
 f - 4 scrolls of fog
 n - 8 scrolls of remove curse
 t - 7 scrolls of teleportation {!r}
 u - 2 scrolls of fear
 y - 6 scrolls of enchant armour
 B - 4 scrolls of blinking
 E - a scroll of immolation
 M - a scroll of torment
 O - 2 scrolls of silence
 T - 2 scrolls of enchant weapon
 U - a scroll of brand weapon
 Y - a scroll of acquirement
Potions
 c - a potion of cancellation
 h - 2 potions of haste
 i - 5 potions of ambrosia
 j - 3 potions of agility
 l - 2 potions of flight
 m - 6 potions of might
 p - 4 potions of mutation
 q - 7 potions of heal wounds
 w - 14 potions of curing
 G - 3 potions of brilliance
 S - 2 potions of lignification
Books
 V - a manual of Shields
   (You found it in a bailey)
Comestibles
 e - 32 rations


You were on level 2 of the Lair of Beasts.
You worshipped Ru.
Ru was extremely pleased with you.
You were completely stuffed.
You were a tree.
You visited 4 branches of the dungeon, and saw 24 of its levels.
You also visited: Trove, Sewer and Bailey.

You collected 2626 gold pieces.
You spent 526 gold pieces at shops.

Dungeon Overview and Level Annotations

Branches:
Dungeon (15/15)            Temple (0/1) D:4            Lair (6/6) D:9
  Swamp (1/4) Lair:2        Snake (0/4) Lair:2        Slime (0/5) Lair:5
    Orc (2/2) D:10            Elf (0/3) Orc:2        Vaults (0/5) D:13
 Depths (0/5) D:15

Altars:
Ashenzari
Kikubaaqudgha
Nemelex Xobeh
Okawaru
Qazlal
Ru
Uskayaw
Wu Jian
Xom
Zin
The Shining One
Jiyva

Shops:
D:7 *   D:10 =( Orc:2

(!*:( ### ###P#.#...## #P.#### #
#####..#P# #.....# ##
#..##.###### ###...### P#
#####.#..+###..### ####P.#+##( .#
#P..........§.##.###.........# .#
##...........§§§....+........#
####...........§§#.#####........#
....#..........Dw### #..........
P...+........§.t♣# ###..####.#
#####............# #### ### #
#.###..#..#### ##.######## ###


You could see an alligator, a swamp dragon and a tyrant leech.

Notes
Turn   | Place    | Note
-------+----------+-------------------------------------------
     0 | D:1      | theanonym the Minotaur Monk began the quest for the Orb.
     0 | D:1      | Reached XP level 1. HP: 19/19 MP: 0/0
   267 | D:1      | Reached skill level 4 in Long Blades
   323 | D:1      | Reached XP level 2. HP: 26/27 MP: 1/1
   444 | D:1      | Reached skill level 4 in Fighting
   518 | D:1      | Found a shattered altar of Ashenzari.
   657 | D:2      | Reached XP level 3. HP: 33/33 MP: 2/2
   763 | D:2      | Reached skill level 5 in Long Blades
   768 | D:2      | HP: 16/33 [poisoned by an adder]
   776 | D:2      | HP: 15/33 [poisoned by an adder]
   960 | D:2      | Found a sacrificial altar of Ru.
   973 | D:2      | Became a worshipper of Ru the Awakened
   979 | D:2      | Gained mutation: You cannot read scrolls while threatened.
                  | [Ru sacrifice]
   979 | D:2      | Reached * piety under Ru
   981 | D:2      | Reached XP level 4. HP: 35/41 MP: 3/3
  1523 | D:3      | Found a sparkling altar of Nemelex Xobeh.
  1555 | D:3      | Reached skill level 6 in Long Blades
  1555 | D:3      | Reached XP level 5. HP: 44/47 MP: 4/4
  1587 | D:3      | Reached skill level 5 in Fighting
  1768 | D:3      | Noticed Robin
  1786 | D:3      | HP: 23/48 [Robin/+2 spear of piercing (4)]
  1791 | D:3      | HP: 19/48 [Robin/+2 spear of piercing (1)]
  1794 | D:3      | Killed Robin
  2481 | D:4      | Noticed Ijyb
  2509 | D:4      | Gained mutation: You cannot be stealthy. [Ru sacrifice]
  2509 | D:4      | Reduced skill Stealth to level 0
  2509 | D:4      | Reached ** piety under Ru
  2509 | D:4      | Killed Ijyb
  2523 | D:4      | Reached skill level 7 in Long Blades
  2524 | D:4      | Reached XP level 6. HP: 44/56 MP: 5/5
  2651 | D:4      | HP: 9/57 [ogre/+0 giant club (20)]
  2653 | D:4      | Reached skill level 6 in Fighting
  2933 | D:4      | Reached skill level 8 in Long Blades
  2937 | D:4      | Reached XP level 7. HP: 63/63 MP: 6/6
  3101 | D:4      | Found a staircase to the Ecumenical Temple.
  3398 | D:5      | Entered Level 5 of the Dungeon
  3417 | D:5      | Found a glowing drain.
  3426 | Sewer    | Entered a sewer
  3519 | Sewer    | Noticed Purgy
  3528 | Sewer    | Killed Purgy
  3631 | D:5      | Found a shattered altar of Ashenzari.
  3633 | D:5      | Found a hide-covered altar of Uskayaw.
  3773 | D:5      | Reached skill level 9 in Long Blades
  3854 | D:5      | Reached skill level 7 in Fighting
  4263 | D:5      | Reached XP level 8. HP: 73/73 MP: 7/7
  4329 | D:5      | Found an iron altar of Okawaru.
  4489 | D:6      | Noticed a hippogriff
  4506 | D:6      | Reached skill level 10 in Long Blades
  4509 | D:6      | Gained mutation: Your casting is slightly disrupted. [Ru
                  | sacrifice]
  4516 | D:6      | Killed a hippogriff
  4516 | D:6      | HP: 37/74 [orc wizard/magic dart (6)]
  4689 | D:6      | Reached skill level 8 in Fighting
  4750 | D:6      | Reached skill level 11 in Long Blades
  4792 | D:6      | Found a glowing golden altar of the Shining One.
  4900 | D:6      | Reached XP level 9. HP: 75/82 MP: 8/8
  4902 | D:6      | Reached skill level 9 in Fighting
  5132 | D:6      | Reached skill level 12 in Long Blades
  5155 | D:7      | HP: 39/83 [something (5)]
  5160 | D:7      | HP: 30/84 [poisoned by a killer bee]
  5168 | D:7      | HP: 30/84 [poisoned by a killer bee]
  5486 | D:7      | Noticed Pikel
  5512 | D:7      | Killed Pikel
  5512 | D:7      | Reached skill level 13 in Long Blades
  5577 | D:7      | Found an ornate altar of the Wu Jian Council.
  5591 | D:7      | Found Zin's Purification Station.
  5596 | D:7      | Found a glowing silver altar of Zin.
  5616 | D:7      | Reached skill level 10 in Fighting
  5721 | D:7      | Paralysed by a hornet for 1 turns
  5726 | D:7      | HP: 41/85 [poisoned by a hornet]
  5731 | D:7      | HP: 36/86 [poisoned by a hornet]
  5736 | D:7      | HP: 33/86 [poisoned by a hornet]
  5742 | D:7      | HP: 31/86 [poisoned by a hornet]
  5750 | D:7      | HP: 30/86 [poisoned by a hornet]
  5758 | D:7      | HP: 30/86 [poisoned by a hornet]
  6325 | D:8      | Noticed Grum
  6330 | D:7      | Killed Grum
  6340 | D:8      | Reached XP level 10. HP: 49/94 MP: 9/9
  6480 | D:8      | Reached skill level 14 in Long Blades
  6564 | D:8      | Noticed Psyche
  6583 | D:8      | Killed Psyche
  6619 | D:8      | Reached skill level 11 in Fighting
  6628 | D:8      | HP: 46/95 [something/puff of frost (5)]
  6677 | D:8      | Noticed Joseph
  6984 | D:8      | Killed Joseph
  7137 | D:9      | Noticed Gastronok
  7148 | D:9      | HP: 41/96 [Gastronok (18)]
  7154 | D:9      | Killed Gastronok
  7154 | D:9      | Reached skill level 15 in Long Blades
  7560 | D:9      | Reached skill level 12 in Fighting
  7573 | D:9      | HP: 42/97 [yak (12)]
  7577 | D:9      | Reached XP level 11. HP: 46/104 MP: 10/10
  7772 | D:9      | HP: 43/104 [yak (12)]
  7785 | D:9      | Reached skill level 16 in Long Blades
  8011 | D:9      | Found a staircase to the Lair.
  8023 | D:9      | Found a stormy altar of Qazlal.
  8088 | D:9      | Noticed Prince Ribbit
  8098 | D:9      | Killed Prince Ribbit
  8316 | D:10     | Entered Level 10 of the Dungeon
  8316 | D:10     | Noticed a deep elf mage
  8324 | D:10     | Noticed a two-headed ogre
  8327 | D:10     | Killed a deep elf mage
  8337 | D:10     | Killed a two-headed ogre
  8528 | D:10     | Noticed Fannar
  8621 | D:10     | Noticed a two-headed ogre
  8630 | D:10     | HP: 49/105 [two-headed ogre/+0 giant club (12)]
  8637 | D:10     | HP: 62/157 [poisoned by a killer bee]
  8640 | D:10     | Killed a two-headed ogre
  8642 | D:10     | HP: 57/157 [poisoned by a killer bee]
  8647 | D:10     | HP: 54/159 [poisoned by a killer bee]
  8962 | D:10     | Found Osaude Jius's Jewellery Shop.
  9007 | D:10     | Found Avvaaff's Antique Weapon Shop.
  9010 | D:10     | theanonym: ??long blade
  9010 | D:10     | beem: long blades[1/2]: falchion (+2/7/1.3/0.6), long sword
                  | (+1/9/1.4/0.7), scimitar (-2/11/1.4/0.7), demon blade
                  | (-1/12/1.3/0.6), eudemon blade (-2/13/1.2/0.6), double
                  | sword (-1/14/1.5/0.7), great sword (-3/15/1.7/0.7) [2],
                  | triple sword (-4/17/1.9/0.7) [2]
  9010 | D:10     | Bought a runed long sword for 201 gold pieces
  9110 | D:10     | HP: 46/106 [Fannar/bolt of cold (12)]
  9118 | D:10     | Killed Fannar
  9118 | D:10     | Reached skill level 1 in Armour
  9328 | D:10     | Reached skill level 2 in Armour
  9344 | D:10     | Reached skill level 13 in Fighting
  9344 | D:10     | Reached skill level 4 in Dodging
  9358 | D:10     | Paralysed by an orc wizard for 3 turns
  9518 | D:10     | Found a staircase to the Orcish Mines.
  9612 | Orc:1    | Entered Level 1 of the Orcish Mines
  9820 | Lair:1   | Entered Level 1 of the Lair of Beasts
  9820 | Lair:1   | Noticed a six-headed hydra
  9881 | D:11     | Noticed a white ugly thing
  9890 | D:11     | Killed a white ugly thing
  9890 | D:11     | Reached skill level 3 in Armour
  9967 | D:11     | Reached skill level 5 in Dodging
 10043 | D:11     | Reached skill level 4 in Armour
 10314 | D:11     | Paralysed by a hornet for 1 turns
 10321 | D:11     | Reached skill level 5 in Armour
 10338 | D:11     | Reached XP level 12. HP: 94/116 MP: 11/11
 10545 | D:11     | Found an ancient bone altar of Kikubaaqudgha.
 10660 | D:11     | Reached skill level 6 in Armour
 10757 | D:12     | Reached skill level 14 in Fighting
 10901 | D:12     | Noticed a two-headed ogre
 10910 | D:12     | Killed a two-headed ogre
 11026 | D:12     | Reached skill level 7 in Armour
 11344 | D:12     | Noticed Erolcha
 11354 | D:12     | Killed Erolcha
 11487 | D:12     | Reached skill level 8 in Armour
 11951 | D:12     | Reached skill level 9 in Armour
 12106 | D:13     | Identified a scroll of acquirement
 12156 | D:13     | Noticed a centaur warrior
 12164 | D:13     | Killed a centaur warrior
 12192 | D:13     | Reached skill level 10 in Armour
 12291 | D:13     | Noticed a death knight
 12311 | D:13     | HP: 52/118 [??? (49)]
 12561 | D:13     | Noticed a two-headed ogre
 12565 | D:13     | Reached skill level 15 in Fighting
 12575 | D:13     | Killed a two-headed ogre
 12731 | D:13     | Noticed a yaktaur captain
 12749 | D:13     | Killed a yaktaur captain
 12749 | D:13     | Reached skill level 11 in Armour
 12786 | D:13     | Found a gate to the Vaults.
 12922 | D:9      | HP: 90/181 [six-headed hydra (2)]
 12928 | D:9      | HP: 88/181 [six-headed hydra (4)]
 12933 | D:9      | HP: 87/181 [three-headed hydra (2)]
 12935 | D:9      | Killed a one-headed hydra
 12935 | D:9      | Reached XP level 13. HP: 87/127 MP: 12/12
 13261 | Lair:1   | Gained mutation: You are hated by all. [Ru sacrifice]
 13261 | Lair:1   | Reached *** piety under Ru
 13614 | Lair:1   | Reached skill level 12 in Armour
 13843 | Lair:2   | Found a staircase to the Snake Pit.
 13874 | Lair:2   | HP: 63/127 [poisoned by a naga (splash of poison)]
 13879 | Lair:2   | HP: 60/127 [poisoned by a naga (splash of poison)]
 13884 | Lair:2   | HP: 58/127 [poisoned by a naga (splash of poison)]
 13890 | Lair:2   | HP: 57/127 [poisoned by a naga (splash of poison)]
 13898 | Lair:2   | HP: 58/127 [poisoned by a naga (splash of poison)]
 13906 | Lair:2   | HP: 58/127 [poisoned by a naga (splash of poison)]
 14163 | Lair:2   | Found a staircase to the Swamp.
 14221 | Lair:2   | Found a shimmering altar of Xom.
 15149 | Lair:3   | Learned a level 2 spell: Blink
 15186 | Lair:3   | Reached skill level 13 in Armour
 15344 | Lair:3   | Noticed Urug
 15359 | Lair:3   | HP: 61/128 [Urug/+3 antimagic scimitar (9)]
 15367 | Lair:3   | HP: 41/128 [Urug/+3 antimagic scimitar (7)]
 15369 | Lair:3   | Killed Urug
 15369 | Lair:3   | Reached skill level 16 in Fighting
 15958 | Lair:4   | Reached skill level 14 in Armour
 16454 | Lair:4   | theanonym: ??faith
 16454 | Lair:4   | beem: amulet of faith[1/2]: Piety increases one quarter
                  | faster. Yes, this means you get more gifts. Ru offers
                  | sacrifices more quickly; Xom has more dynamic piety and
                  | acts more often; no effect with Gozag. Removing the amulet
                  | reduces your piety by 1/3.
 16454 | Lair:4   | theanonym: !lg . op
 16454 | Lair:4   | beem: 24. theanonym the Slayer (L27 OpFE of Vehumet),
                  | mangled by a ghost moth zombie on Dis:7 (iron_city_of_dis;
                  | dis_grunt) on 2018-11-21 22:15:40, with 1301955 points
                  | after 112396 turns and 7:23:36.
 16454 | Lair:4   | theanonym: !lg . op -log
 16454 | Lair:4   | beem: 24. theanonym, XL27 OpFE, T:112396:
                  | https://crawl.xtahua.com/crawl/morgue/theanonym/morgue-thea
                  | nonym-20181121-221540.txt
 16889 | Lair:5   | Found a runed door.
 16889 | Lair:5   | Noticed Oramnow's ghost (journeyman TrMo)
 17020 | Lair:5   | Reached XP level 14. HP: 129/138 MP: 13/13
 17067 | Lair:5   | Killed Oramnow's ghost
 17085 | Lair:5   | Reached skill level 15 in Armour
 17462 | Lair:5   | Found a runed door.
 17463 | Lair:5   | Found a viscous altar of Jiyva.
 17468 | Lair:5   | Found a staircase to the Slime Pits.
 18143 | Lair:5   | HP: 65/138 [ice dragon/blast of cold (39)]
 18148 | Lair:5   | HP: 57/138 [ice dragon (1)]
 18154 | Lair:5   | HP: 48/138 [ice dragon (7)]
 18159 | Lair:5   | Reached skill level 6 in Dodging
 18621 | Lair:6   | Entered Level 6 of the Lair of Beasts
 18638 | Lair:6   | Reached skill level 17 in Fighting
 18761 | Lair:5   | HP: 65/140 [death yak (7)]
 18766 | Lair:5   | HP: 64/140 [poisoned by a redback]
 18773 | Lair:5   | HP: 65/140 [poisoned by a redback]
 18781 | Lair:5   | HP: 65/140 [poisoned by a redback]
 19041 | Lair:6   | Reached skill level 7 in Dodging
 19206 | Lair:6   | Reached skill level 8 in Dodging
 19404 | Lair:6   | HP: 65/141 [spiny frog (6)]
 19409 | Lair:6   | HP: 69/141 [poisoned by a spiny frog]
 19415 | Lair:6   | HP: 67/141 [poisoned by a spiny frog]
 19420 | Lair:6   | HP: 55/141 [poisoned by a spiny frog]
 19425 | Lair:6   | HP: 49/141 [poisoned by a spiny frog]
 19432 | Lair:6   | HP: 49/141 [poisoned by a spiny frog]
 19440 | Lair:6   | HP: 50/141 [poisoned by a spiny frog]
 19750 | Lair:6   | Reached skill level 18 in Fighting
 19766 | Lair:6   | Reached skill level 9 in Dodging
 19851 | Lair:6   | HP: 71/143 [poisoned by a redback]
 19858 | Lair:6   | HP: 71/143 [poisoned by a redback]
 19867 | Lair:6   | HP: 71/143 [poisoned by a redback]
 20157 | Lair:6   | theanonym: ??faith
 20157 | Lair:6   | beem: amulet of faith[1/2]: Piety increases one quarter
                  | faster. Yes, this means you get more gifts. Ru offers
                  | sacrifices more quickly; Xom has more dynamic piety and
                  | acts more often; no effect with Gozag. Removing the amulet
                  | reduces your piety by 1/3.
 20174 | Lair:6   | Gained mutation: Your casting is disrupted. [Ru sacrifice]
 20174 | Lair:6   | Reached **** piety under Ru
 20316 | Lair:6   | HP: 54/143 [komodo dragon (21)]
 20664 | Lair:6   | HP: 68/143 [swamp dragon (4)]
 20668 | Lair:6   | HP: 33/143 [poisoned by a swamp dragon (poison gas)]
 21321 | D:13     | HP: 51/143 [??? (49)]
 21326 | D:13     | HP: 67/143 [death knight/+0 battleaxe (14)]
 21330 | D:13     | HP: 17/144 [phantasmal warrior[a death knight] (18)]
 21337 | D:13     | HP: 60/144 [skeletal warrior/+0 glaive[a death knight] (9)]
 21666 | D:13     | Reached skill level 10 in Dodging
 21723 | D:13     | Reached XP level 15. HP: 83/150 MP: 14/14
 21733 | D:13     | HP: 68/150 [slime creature (10)]
 22025 | D:13     | Noticed Snorg
 22044 | D:13     | Killed Snorg
 22189 | D:13     | You fall through a shaft!
 22365 | D:14     | Found a flagged portal.
 22378 | Bailey   | Entered a bailey
 23355 | D:14     | HP: 75/151 [meliai/+0 hand axe (5)]
 23361 | D:14     | HP: 61/151 [poisoned by a meliai]
 23367 | D:14     | HP: 58/151 [killer bee (3)]
 23369 | D:14     | Reached skill level 11 in Dodging
 23372 | D:14     | HP: 53/151 [poisoned by a killer bee]
 23377 | D:14     | HP: 51/151 [poisoned by a killer bee]
 23382 | D:14     | HP: 50/151 [poisoned by a killer bee]
 23387 | D:14     | HP: 50/151 [poisoned by a killer bee]
 23394 | D:14     | HP: 50/151 [poisoned by a killer bee]
 23402 | D:14     | HP: 51/151 [poisoned by a killer bee]
 23857 | D:14     | Reached skill level 19 in Fighting
 24128 | D:15     | Entered Level 15 of the Dungeon
 24131 | D:15     | Found a portal to a secret trove of treasure.
 24154 | D:15     | HP: 73/152 [white ugly thing (28)]
 24388 | D:15     | Gained mutation: You are slightly vulnerable to magic.
                  | (MR-) [Ru sacrifice]
 24388 | D:15     | Reached ***** piety under Ru
 24675 | D:15     | Found a staircase to the Depths.
 24675 | D:15     | Noticed a fire giant
 25233 | D:15     | HP: 69/152 [fire giant/+2 great sword of flaming (9)]
 25238 | D:15     | HP: 6/152 [fire giant/bolt of fire (34)]
 25239 | D:15     | Killed a fire giant
 25936 | Orc:2    | Entered Level 2 of the Orcish Mines
 25963 | Orc:2    | Found a staircase to the Elven Halls.
 26199 | Orc:2    | HP: 72/152 [sun demon[an orc sorcerer] (14)]
 26443 | Orc:2    | Reached skill level 17 in Long Blades
 26681 | Orc:2    | Paralysed by an orc sorcerer for 4 turns
 26855 | Orc:2    | Found Rioqyran's Book Shoppe.
 26855 | Orc:2    | Found Samigo's Distillery.
 26856 | Orc:2    | Found Okagunav's Antique Weapon Emporium.
 26861 | Orc:2    | Found Xonoff's Assorted Antiques.
 26870 | Orc:2    | Bought a potion of heal wounds for 65 gold pieces
 26872 | Orc:2    | Bought a potion of resistance for 260 gold pieces
 26932 | Orc:2    | Found Tolats's Weapon Emporium.
 27372 | D:15     | You paid a toll of 5 potions of resistance to enter a
                  | treasure trove
 27373 | Trove    | Entered a treasure trove
 27388 | Trove    | Got a wavering amber ring
 27399 | Trove    | Got a warped copper ring
 27401 | Trove    | Got a fine amber ring
 27408 | Trove    | Identified the ring "Cairaxy" {rF+ Int+7} (You found it in
                  | a treasure trove)
 27409 | Trove    | Identified the ring "Naderux" {Fire Int+2} (You found it in
                  | a treasure trove)
 27455 | D:15     | Identified the ring of Foolhardiness {rC++ MP+9} (You found
                  | it in a treasure trove)
 27639 | Swamp:1  | Entered Level 1 of the Swamp
 27671 | Lair:2   | HP: 51/152 [alligator[a spriggan druid] (32)]
 27675 | Lair:2   | HP: 21/152 [alligator[a spriggan druid] (10)]
 27678 | Lair:2   | HP: 5/152 [tyrant leech[a spriggan druid] (20)]
 27683 | Lair:2   | HP: 25/152 [swamp dragon] (3)]
 27683 | Lair:2   | HP: 8/152 [swamp dragon (16)]
 27686 | Lair:2   | Slain by an alligator

Vanquished Creatures
  A fire giant (D:15)
  Gastronok (D:9)
  The ghost of Oramnow the Grappler, a journeyman TrMo of Elyvilon (Lair:5)
  Snorg (D:13)
  A fire dragon (Lair:6)
  A yaktaur captain (D:13)
  Erolcha (D:12)
  An ice dragon (Lair:5)
  Fannar (D:10)
  9 hydras
  3 centaur warriors
  5 two-headed ogres
  A death knight (D:13)
  An alligator (Lair:2)
  An orc high priest (Orc:2)
  3 death yaks
  Urug (Lair:3)
  5 skeletal warriors
  A fire crab (Lair:4)
  2 unseen horrors
  A spriggan druid (Lair:2)
  A swamp dragon (Lair:6)
  A lindwurm (Lair:3)
  2 phantasmal warriors (D:13)
  Pikel (D:7)
  An orc knight (Bailey)
  A wolf spider zombie (D:14)
  2 deep elf magi
  4 orc sorcerers (Orc:2)
  A wolf spider (Lair:6)
  2 manticores
  7 ugly things
  4 cyclopes
  7 elephants
  5 centaur zombies
  Joseph (D:8)
  9 black mambas
  Psyche (D:8)
  A guardian serpent (Lair:6)
  2 torpor snails
  4 centaur skeletons
  13 spiny frogs
  2 kobold demonologists (D:13)
  7 rime drakes
  10 komodo dragons
  2 yaktaurs (D:13)
  A queen bee (D:14)
  4 trolls
  A wolf spider simulacrum (D:14)
  3 meliai (D:14)
  6 hornets
  A tyrant leech (Swamp:1)
  11 blink frogs
  Prince Ribbit (D:9)
  9 hippogriffs
  6 slime creatures (D:13)
  2 redbacks (Lair:6)
  A shadow (D:6)
  40 yaks
  A wraith (D:15)
  12 wyverns
  2 hungry ghosts
  3 vampire mosquitoes (D:13)
  3 steam dragons
  6 basilisks
  Grum (D:7)
  5 nagas (Lair:2)
  A warg (Orc:2)
  21 water moccasins
  A soldier ant (D:14)
  18 porcupines
  6 sky beasts
  Purgy (Sewer)
  26 orc warriors
  3 slaves (D:7)
  3 ice beasts
  2 swamp drakes (Lair:6)
  A black bear (D:9)
  A necrophage (D:11)
  2 phantoms
  8 ogres
  15 wolves
  17 centaurs
  19 crocodiles
  28 bullfrogs
  3 big kobolds
  A gnoll sergeant (D:5)
  2 wyvern skeletons
  26 killer bees
  4 wights (D:6)
  4 scorpions
  3 bullfrog zombies
  2 howler monkeys
  6 crimson imps
  2 quasits
  9 hounds
  A gnoll shaman (D:7)
  15 orc priests
  3 bullfrog skeletons
  2 iguanas
  5 jellies
  Ijyb (D:4)
  28 orc wizards
  11 worker ants
  A hound skeleton (D:6)
  Robin (D:3)
  A howler monkey zombie (D:10)
  11 gnolls
  15 adders
  A shadow imp (D:6)
  3 white imps (Lair:5)
  3 oozes
  An adder zombie (D:5)
  7 worms
  A dart slug (D:2)
  5 leopard geckos
  73 orcs
  3 ball pythons
  A giant cockroach (D:2)
  24 goblins
  14 hobgoblins
  7 jackals
  4 quokkas
  11 bats
  15 frilled lizards
  20 kobolds
  6 rats
781 creatures vanquished.

Vanquished Creatures (others)
  A hydra (Lair:6)
  A slave (D:7)
  2 wolves
  2 crocodiles
  A howler monkey (D:7)
  An orc (Bailey)
  15 fungi
  38 plants
61 creatures vanquished.

Grand Total: 842 creatures vanquished

Table legend:
 A = Turns spent in this place as a percentage of turns spent in the entire game.
 B = Non-inter-level travel turns spent in this place as a percentage of non-inter-level travel turns spent in the entire game.
 C = Inter-level travel turns spent in this place as a percentage of turns spent in this place.
 D = Turns resting spent in this place as a percentage of non-inter-level travel turns spent in this place.
 E = Turns spent auto-exploring this place as a percentage of non-inter-level travel turns spent in this place.
 F = Non-inter-level travel turns spent in this place divided by the number of levels of this place that you've seen.
                   A       B       C       D       E      F
               +-------+-------+-------+-------+-------+----------------------
         Total | 100.0 | 100.0 |   5.2 |  36.2 |  42.9 | 972.4
       Dungeon |  61.7 |  61.3 |   5.8 |  37.8 |  41.9 | 1072.3
          Lair |  29.4 |  29.6 |   4.4 |  34.6 |  46.3 | 1294.7
         Swamp |   0.1 |   0.1 |   0.0 |   0.0 |   0.0 |  26.0
  Orcish Mines |   5.3 |   5.3 |   5.0 |  37.6 |  45.0 | 701.0
         Trove |   0.2 |   0.2 |   0.0 |   0.0 |  53.3 |  45.0
         Sewer |   0.7 |   0.7 |   0.0 |   0.0 |  61.5 | 192.0
        Bailey |   2.7 |   2.8 |   0.0 |  29.3 |  22.8 | 736.0
               +-------+-------+-------+-------+-------+----------------------
